AoeStats
← 暴怒

MegaRandom

510096719Analyzed
2v2 RM · 2d ago on Sep 29, 2026· 56m 1s· 4 players
Game mode
Random Map
Map size
Medium (4 player)
Population
200
Speed
Normal
Resources
Standard
Victory
Conquest
Starting age
Dark Age
Ending age
Imperial Age
RankedLock teamsTeams togetherTeam positionsShared explorationLock speedFull tech treeHidden civsTurbo modeCheats
Victory
Defeat
🇨🇳 Khmer · China
805
+12
🇨🇳 Teutons · China
791
+13
🇭🇺 Japanese · Hungary
740
-13
🇺🇸 Bulgarians · United States
709
-12
sanantoniosamurai
0:28 Loom
12:09 Feudal Age
13:49 Wheelbarrow
12:59 Town Watch
13:33 Town Watch
18:54 Arson
19:35 Double-Bit Axe
24:29 Castle Age
22:34 Scale Mail Armor
22:44 Forging
22:39 Scale Barding Armor
22:24 Fletching
22:34 Padded Archer Armor
24:17 Gold Mining
24:17 Stone Mining
25:54 Iron Casting
25:34 Chain Mail Armor
25:39 Chain Barding Armor
25:52 Bow Saw
28:20 Gambesons
28:35 Squires
27:56 Pikeman
28:55 Demolition Ship
29:47 Medium Warships
36:49 Hand Cart
36:34 Town Patrol
50:53 Imperial Age
Enormusz
13:09 Feudal Age
16:54 Castle Age
15:13 Double-Bit Axe
18:48 Fishing Lines
19:00 Loom
19:02 Town Watch
23:47 Gillnets
26:47 Bow Saw
30:12 Crossbowman
30:51 Gold Mining
30:52 Stone Mining
31:26 Caravan
31:57 Coinage
31:44 Thumb Ring
33:45 Medium Warships
36:32 Imperial Age
34:43 Wheelbarrow
34:51 Gold Shaft Mining
34:00 Pikeman
34:40 Squires
34:26 Arson
36:03 Yasama
38:21 Chemistry
37:33 Fortified Wall
37:19 Murder Holes
37:05 Treadmill Crane
38:56 Banking
39:56 Ballistics
39:01 Arbalester
41:09 Two-Man Saw
41:50 Elite Cannon Galleon
43:00 Hand Cart
42:47 Town Patrol
43:42 Forging
43:33 Scale Mail Armor
43:23 Fletching
43:34 Padded Archer Armor
43:24 Arrowslits
43:29 Guard Tower
44:21 Conscription
47:01 Kataparuto
47:28 Halberdier
48:03 Elite Samurai
49:15 Elite Samurai
凌霄诚
10:18 Feudal Age
17:27 Loom
20:12 Castle Age
18:25 Double-Bit Axe
20:29 Stone Mining
20:29 Gold Mining
20:36 Gold Mining
21:54 Bow Saw
26:56 Horse Collar
31:39 Imperial Age
30:52 Wheelbarrow
30:02 Town Watch
33:52 Chemistry
33:13 Ballistics
33:18 Arson
33:34 Squires
32:55 Pikeman
33:11 Elite Skirmisher
35:39 Hand Cart
36:57 Stone Shaft Mining
38:23 Town Patrol
37:51 Cavalier
38:41 Bloodlines
40:15 Scale Barding Armor
40:10 Scale Mail Armor
40:21 Forging
42:06 Two-Man Saw
46:34 Paladin
50:28 Elite Teutonic Knight
暴怒
9:57 Loom
12:06 Feudal Age
13:31 Wheelbarrow
12:44 Double-Bit Axe
12:42 Horse Collar
18:42 Castle Age
17:38 Gold Mining
17:42 Stone Mining
19:23 Heavy Plow
19:40 Bow Saw
21:17 Stone Shaft Mining
22:11 Hand Cart
25:12 Caravan
26:45 Bloodlines
26:42 Husbandry
27:38 Gold Shaft Mining
33:01 Imperial Age
35:03 Crop Rotation
34:58 Elite Ballista Elephant
35:41 Tusk Swords
36:55 Conscription
37:56 Double Crossbow
39:48 Forging
39:44 Scale Barding Armor
43:26 Iron Casting
43:11 Chain Barding Armor
43:51 Hoardings
45:32 Man-at-Arms
46:25 Long Swordsman
48:54 Blast Furnace
48:29 Plate Barding Armor
47:55 Scale Mail Armor
49:50 Light Cavalry
52:29 Chain Mail Armor
52:24 Two-Handed Swordsman
53:35 Arson
Connection lost

Rejoining the realm…

Still unreachable

The connection could not be restored.

Session expired

The server has moved on; the page needs a fresh start.